Map: Frozen Temple

Players

Zecrum

  • Race: Zerg Zerg

Divain - Winner!

  • Race: Terran Terran

VOD

Have the link to the VOD?

Description

Time

  • Played on: April 17, 2016, 4:36 p.m.
  • Length: 13:27
Show
View Real Time Build Order
Export as new Build Order

Zecrum Zerg 

Build Orders: Hatch First 

Get SALT Encoding   

  12  0:01  Drone  
  13  0:08  Drone  
  14  0:18  Overlord  
  14  0:23  Extractor  
  14  0:24  Drone  
  15  0:37  Drone x2  
  17  0:57  Hatchery  
  17  0:59  Drone  
  17  1:02  Extractor  
  17  1:03  Drone  
  17  1:17  Spawning Pool  
  16  1:23  Drone x2  
  18  1:27  Drone  
  19  1:58  Overlord  
  19  2:04  Queen  
  19  2:05  Metabolic Boost  
  19  2:07  Zergling x2  
  22  2:08  Zergling x2  
  22  2:10  Queen  
  25  2:16  Drone x2  
  25  2:22  Drone  
  28  2:23  Drone  
  29  2:43  Drone x2  
  31  2:44  Overlord  
  31  2:51  Queen  
  33  2:53  Queen  
  35  3:00  Drone  
  35  3:05  Drone x4  
  40  3:17  Overlord  
  40  3:20  Drone x4  
  44  3:38  Hatchery  
  43  3:49  Drone x2  
  43  3:51  Lair  
  43  3:53  Drone, Extractor  
  43  3:54  Drone x3  
  48  3:59  Roach Warren  
  48  4:10  Drone, Extractor  
  48  4:11  Drone x3  
  48  4:12  Overlord  
  50  4:18  Drone  
  50  4:24  Drone  
  52  4:33  Overlord  
  52  4:34  Overlord  
  50  4:47  Roach x3  
  50  4:48  Roach x2  
  50  4:50  Glial Reconstitution  
  60  4:54  Drone x6  
  66  5:02  Drone x2  
  68  5:08  Roach  
  68  5:10  Roach x3  
  68  5:13  Overlord  
  76  5:17  Ravager x4  
  76  5:21  Overlord x2  
  80  5:48  Drone x7  
  80  5:49  Overlord x2  
  87  5:51  Roach x5  
  87  5:54  Drone  
  87  5:55  Evolution Chamber  
  97  5:57  Overseer, Evolution Chamber  
  97  5:59  Pneumatized Carapace  
  97  6:02  Drone  
  97  6:10  Roach x3  
  103  6:17  Zergling x8  
  103  6:18  Zergling x6  
  110  6:22  Zerg Missile Weapons Level 1  
  110  6:23  Zerg Ground Armor Level 1  
  110  6:29  Overlord x2  
  110  6:41  Zergling x10  
  115  6:48  Drone, Extractor  
  115  6:49  Drone x3  
  115  6:52  Overlord x2  
  122  7:01  Roach x4  
  126  7:12  Drone  
  126  7:13  Extractor  
  126  7:15  Drone x3, Hatchery  
  128  7:17  Hatchery  
  121  7:25  Zergling x2  
  121  7:26  Zergling x14  
  121  7:40  Zergling x6  
  121  7:47  Roach x2  
  121  7:48  Roach x2  
  120  8:12  Roach  
  127  8:13  Roach x8  
  132  8:28  Zerg Missile Weapons Level 2, Zerg Ground Armor Level 2  
  132  8:30  Roach x6  
  144  8:37  Zergling x4  
  146  8:42  Ravager x4  
  146  8:43  Ravager x2, Hatchery  
  146  8:44  Lair  
  142  9:21  Roach  
  142  9:22  Roach x4  
  142  9:23  Overlord  
  142  9:24  Overlord x4  
  152  9:29  Overlord x3  
  152  9:36  Overlord x3  
  152  9:41  Queen  
  154  9:50  Spire  
  153  9:58  Roach x2  
  153  9:59  Roach x7  
  173  10:00  Roach  
  173  10:04  Zergling x4  
  161  10:27  Roach x12  
  185  10:32  Infestation Pit  
  176  10:54  Drone x7  
  175  11:11  Corruptor x2  
  175  11:12  Corruptor x6  
  190  11:20  Drone x3  
  190  11:23  Extractor  
  192  11:27  Drone  
  192  11:28  Drone x4  
  192  11:31  Zergling x4  
  199  11:33  Overlord x2  
  199  12:24  Pathogen Glands  
  199  12:31  Hatchery  
  110  12:56  Roach x17  
  110  12:57  Roach  
Show
View Real Time Build Order
Export as new Build Order

Divain Terran - Winner!

Build Orders: Liberator Opening, Reaper Expand, MMM Bio 

Get SALT Encoding   

  12  0:01  SCV  
  13  0:13  SCV  
  14  0:18  Supply Depot  
  14  0:25  SCV  
  15  0:39  SCV  
  15  0:41  Barracks  
  16  0:46  Refinery  
  16  0:51  SCV  
  17  1:03  SCV  
  18  1:16  SCV  
  19  1:28  Orbital Command  
  19  1:29  Reaper  
  20  1:41  Command Center  
  20  1:53  Supply Depot  
  20  1:54  SCV  
  21  2:01  Barracks Reactor  
  21  2:06  SCV  
  22  2:20  SCV  
  23  2:24  Factory  
  23  2:40  SCV  
  23  2:41  Marine x2  
  26  2:52  SCV  
  26  2:55  Orbital Command  
  26  2:56  Command Center  
  27  3:03  Refinery  
  27  3:04  Marine x2  
  29  3:13  Starport, Supply Depot  
  29  3:22  SCV x2  
  32  3:34  SCV  
  32  3:45  SCV  
  33  3:49  SCV  
  33  3:52  Starport Tech Lab  
  33  3:53  Marine x2, Liberator  
  36  3:57  SCV  
  36  3:59  Barracks  
  36  4:01  Barracks, SCV  
  38  4:05  Supply Depot  
  38  4:08  Orbital Command  
  39  4:10  SCV  
  39  4:12  Marine  
  39  4:13  Marine  
  44  4:17  SCV  
  44  4:21  Refinery  
  44  4:22  SCV  
  46  4:27  Supply Depot  
  46  4:30  SCV  
  47  4:34  SCV  
  47  4:35  SCV  
  49  4:42  SCV  
  50  4:46  SCV  
  50  4:47  SCV  
  50  4:48  Engineering Bay x2  
  52  4:54  SCV, Refinery  
  52  4:55  Barracks Tech Lab, Barracks Reactor  
  52  4:58  SCV  
  55  5:00  SCV  
  55  5:06  SCV, Factory Tech Lab  
  56  5:07  Marine x2  
  56  5:10  SCV  
  56  5:11  Barracks  
  56  5:12  SCV  
  60  5:14  Supply Depot  
  60  5:18  SCV  
  61  5:25  SCV x2  
  61  5:26  Marine x2  
  61  5:27  Terran Infantry Weapons Level 1, Terran Infantry Armor Level 1  
  65  5:35  Starport Reactor  
  65  5:41  Marine x2  
  67  5:46  SCV x2  
  67  5:49  Siege Tank  
  69  5:50  Supply Depot  
  69  5:52  Orbital Command, Stimpack, Marine  
  70  6:00  Barracks Reactor  
  70  6:02  Barracks  
  70  6:03  Marine x4  
  74  6:10  SCV, Marine  
  76  6:13  SCV  
  76  6:14  Bunker  
  77  6:18  Medivac  
  77  6:19  Medivac  
  77  6:20  Marine x2  
  77  6:21  Marine x2  
  85  6:26  Factory  
  85  6:29  SCV x2  
  87  6:33  Siege Tank  
  87  6:35  Armory  
  87  6:37  Marine x3  
  93  6:41  SCV x2  
  93  6:43  SCV  
  96  6:50  Supply Depot  
  96  6:51  Barracks Tech Lab  
  96  6:53  Supply Depot  
  96  6:54  Barracks, Marine x3  
  96  6:55  Marine  
  96  6:58  Supply Depot  
  100  7:11  Marine x4  
  100  7:12  Medivac  
  100  7:13  Medivac  
  100  7:15  Supply Depot  
  107  7:23  Marine x2  
  107  7:24  Terran Infantry Weapons Level 2, Marine x2  
  107  7:29  Marine x2, Marauder  
  102  7:30  Marauder  
  102  7:35  Terran Infantry Armor Level 2  
  99  7:40  Siege Tank  
  99  7:41  Marine x4  
  99  7:44  Siege Tank  
  109  7:46  Marine  
  106  8:11  Marine x4  
  108  8:17  Marine x3  
  108  8:18  Marine  
  111  8:23  Command Center  
  111  8:24  Refinery, Widow Mine  
  113  8:27  Terran Ship Weapons Level 1  
  113  8:28  Barracks  
  113  8:29  Combat Shields, Marine x3  
  116  8:36  Marauder x2  
  120  8:45  Marine x3  
  120  8:47  Marine x2  
  125  8:50  Marine  
  125  8:57  Marine, Marauder  
  128  9:02  Marine  
  128  9:03  Marine x2  
  128  9:04  Marine  
  128  9:05  Marine  
  128  9:07  Marine  
  132  9:12  Barracks Tech Lab, SCV  
  132  9:13  Concussive Shells  
  133  9:20  Supply Depot, Sensor Tower  
  133  9:22  Supply Depot  
  133  9:27  Barracks Tech Lab  
  133  9:29  Barracks  
  133  9:34  Medivac x2, Marine x3, Ghost Academy  
  133  9:35  SCV x2, Siege Tank x2  
  133  9:38  Marine  
  149  9:44  Marine x3  
  149  9:45  Marauder  
  156  9:53  Marauder  
  156  10:04  Medivac x2  
  158  10:19  Marine x3  
  157  10:32  Marine x4  
  157  10:33  Terran Infantry Weapons Level 3  
  157  10:34  Medivac x2  
  163  10:53  Marine x3  
  163  10:57  Marine x5  
  163  10:58  Marauder  
  163  11:00  SCV  
  171  11:06  Medivac  
  171  11:08  Sensor Tower  
  171  11:14  Marine  
  172  11:21  Marine x2, Supply Depot  
  172  11:24  Supply Depot  
  172  11:25  Liberator  
  172  11:30  Planetary Fortress  
  172  11:38  Marine x4, Marauder x2  
  180  11:42  Marine x3  
  186  11:55  Marine  
  187  12:03  Command Center  
  187  12:14  Marine x2  
  187  12:15  Ghost x2  
  189  12:19  Marine x3  
  196  12:23  Supply Depot  
  196  12:25  Marine  
  149  12:55  Marine x4  
  149  12:56  Marauder x3  
  149  13:05  Marine x2  
Tags
 
Add a new tag
Caveats
  • Supply blocks, unpowered buildings, or Contaminate may cause inaccurate times.
  • Supply counts are checked every 10 seconds.